 Dungeon Crawl Stone Soup version 0.32-a0-699-g1ee5eff69a (webtiles) character file.

Game seed: 14772068155178751009

1022 javelincjr the Trooper (level 8, -3/63 HPs)
             Began as a Demonspawn Warper on Mar 13, 2024.
             Was an Initiate of Makhleb.
             Killed from afar by an orc wizard (5 damage)
             ... with a magic dart
             ... on level 6 of the Dungeon on Mar 14, 2024.
             The game lasted 00:13:44 (4206 turns).

javelincjr the Trooper (Demonspawn Warper)          Turns: 4206, Time: 00:13:44

Health: -3/63      AC: 11    Str: 19    XL:     8   Next: 2%
Magic:  13/13      EV: 11    Int: 13    God:    Makhleb [......]
Gold:   271        SH:  4    Dex: 12    Spells: 7/14 levels left

rFire   + . .        N - +4 quarterstaff (chaos)
rCold   + . .        (shield currently unavailable)
rNeg    . . .        b - +0 leather armour
rPois   .            i - +0 helmet
rElec   .            m - +0 cloak
rCorr   .            F - +0 pair of gloves
SInv    .            (no boots)
Will    .....        (no amulet)
Stlth   +            r - +4 ring of protection
HPRegen 0.30/turn    D - ring "Diohimys" {*Corrode rF+ rC+ Str+4 Slay+2}
MPRegen 0.13/turn

%: corrode self (3%)
@: lethally poisoned (-3 -> -15), corroded
A: hooves 2, rugged brown scales 1, foul stench 1, icemail 1, condensation
shield
a: Renounce Religion


You were on level 6 of the Dungeon.
You worshipped Makhleb.
Makhleb was noncommittal.
You visited 2 branches of the dungeon, and saw 7 of its levels.

You collected 271 gold pieces.

Inventory:

Hand Weapons
 a - a +0 spear
 v - a +2 flail of venom
 w - a +3 vampiric dagger
 B - a +2 vampiric hand axe
 J - a +2 dagger of protection
 N - a +4 quarterstaff of chaos (weapon)
Missiles
 d - 7 darts of dispersal (quivered)
 j - 4 javelins
 t - a throwing net
 u - 4 poisoned darts
 C - 3 boomerangs
Armour
 b - a +0 leather armour (worn)
 h - a +0 ring mail
 i - a +0 helmet (worn)
 m - a +0 cloak (worn)
 F - a +0 pair of gloves (worn)
 I - a +0 chain mail
 O - a +0 cloak
Jewellery
 e - a +6 ring of dexterity
 r - a +4 ring of protection (left hand)
 D - the ring "Diohimys" (right hand) {*Corrode rF+ rC+ Str+4 Slay+2}
   (You found it on level 4 of the Dungeon)

   [ring of protection from cold]

   Str+4:     It affects your strength (+4).
   Slay+2:    It affects your accuracy & damage with ranged weapons and melee
   (+2).
   rF+:       It protects you from fire.
   rC+:       It protects you from cold.
   *Corrode:  It may corrode you when you take damage.
Wands
 K - a wand of light (3)
Scrolls
 f - a scroll of torment {unknown}
 k - 3 scrolls of teleportation {unknown}
 l - a scroll of fog {unknown}
 n - 3 scrolls of amnesia {unknown}
 o - 7 scrolls of identify {unknown}
 x - 2 scrolls of poison {unknown}
 y - a scroll of brand weapon {unknown}
 H - a scroll of enchant weapon {unknown}
 L - a scroll of noise {unknown}
Potions
 g - 2 potions of ambrosia {unknown}
 p - a potion of degeneration {unknown}
 q - a potion of haste {unknown}
 s - a potion of enlightenment {unknown}
 z - a potion of heal wounds {unknown}
 A - a potion of invisibility {unknown}
 E - 2 potions of attraction {unknown}
 G - a potion of lignification {unknown}
 M - 2 potions of cancellation {unknown}


   Skills:
 * Level 5.3 Fighting
 + Level 3.6 Polearms
 - Level 0.8 Throwing
 + Level 3.2 Armour
 + Level 3.4 Dodging
 + Level 3.6 Spellcasting
 + Level 4.1 Translocations


You had 7 spell levels left.
You knew the following spells:

 Your Spells              Type           Power      Damage    Failure   Level
a - Blink                 Tloc           26%        N/A       7%          2
b - Lesser Beckoning      Tloc           26%        N/A       7%          2
c - Teleport Other        Tloc           13%        N/A       14%         3

Your spell library contained the following spells:

 Spells                   Type           Power      Damage    Failure   Level
 Ensorcelled Hibernation  Hex/Ice        4%         N/A       36%         2
 Manifold Assault         Tloc           13%        N/A       43%         4
 Call Canine Familiar     Summ           2%         N/A       61%         3
 Passwall                 Erth           2%         N/A       61%         3
 Sigil of Binding         Hex            2%         N/A       61%         3
 Swiftness                Air            2%         N/A       61%         3
 Dimensional Bullseye     Hex/Tloc       3%         N/A       73%         4
 Vhi's Electric Charge    Tloc/Air       14%        N/A       73%         4
 Anguish                  Hex/Necr       1%         N/A       95%         4
 Animate Dead             Necr           2%         N/A       95%         4
 Cause Fear               Hex            1%         N/A       95%         4
 Enfeeble                 Hex            1%         N/A       100%        7
 Haunt                    Necr/Summ      1%         N/A       100%        7
 Infestation              Necr           1%         N/A       100%        8


Dungeon Overview and Level Annotations

Branches:
Dungeon (6/15)             Temple (1/1) D:4

Altars:
Cheibriados
Dithmenos
Fedhas
Gozag
Hepliaklqana
Kikubaaqudgha
Makhleb
Okawaru
Qazlal
Ru
Sif Muna
Trog
Uskayaw
Vehumet
Wu Jian
Xom
Yredelemnul

Shops:
D:1 :


Innate Abilities, Weirdness & Mutations

You have hoof-like feet.
You are partially covered in rugged brown scales. (AC +1, +3% HP)
You may rarely emit foul miasma when damaged in melee.
A meltable icy envelope protects you from harm. (AC +4)
A meltable shield of frost defends you. (SH +4)


Message History

The bullfrog hits you.
You thump the bullfrog!
You kill the bullfrog!
Makhleb accepts your kill.
You have reached level 8!
You feel stronger.
Your demonic ancestry asserts itself...
Rugged brown scales grow over part of your body.
You see here a bullfrog corpse.
You miss something. You kick something!
You hear some strange, mumbled words.
A magic dart appears from out of thin air!
The magic dart hits you!
You closely miss the orc warrior. Something hits you.
You are poisoned.
The orc warrior hits you with a +0 long sword!
Your corrosive artefact corrodes you!
You barely miss the orc warrior. You kick the orc warrior.
The orc warrior is lightly wounded.
You feel very sick. Something hits you.
You are more poisoned.
The orc warrior hits you with a +0 long sword!
You completely miss the orc warrior.
The orc warrior is lightly wounded.
You feel very sick. The orc closely misses you.
Something hits you but does no damage.
You are lethally poisoned!
The orc warrior hits you with a +0 long sword!
* * * LOW HITPOINT WARNING * * *
Blink to where?
Press: ? - help, Q - select action, (/) - cycle Dir - move target
As you read the scroll of blinking, it crumbles to dust.
* * * LOW HITPOINT WARNING * * *
You feel very sick.
* * * LOW HITPOINT WARNING * * *
You feel very sick.
You hear some strange, mumbled words.
A magic dart appears from out of thin air!
The magic dart hits you.
You die...

.........#
..#.......#
.........#
###...#####
.........###...###
.........##..###
.....!..(##'#####
.......ยง........#
#######oo!......#
##{........#
#@...........#
#..#..........#
#.##..........# #.
#..........# #.
#..........# #. ..
#. . ..


You could see 2 orcs.

Vanquished Creatures
  A centaur (D:5)
  3 phantoms (D:5)
  A bullfrog (D:6)
  A scorpion (D:3)
  A howler monkey (D:4)
  A bombardier beetle (D:3)
  A jelly (D:4)
  A bullfrog zombie (D:4)
  2 hounds
  4 iguanas
  Crazy Yiuf (D:5)
  Jessica (D:3)
  2 orc wizards (D:5)
  2 hound zombies (D:4)
  5 adders
  3 gnolls (D:2)
  2 ufetubi (D:5)
  An adder zombie (D:4)
  A dart slug (D:2)
  2 ribbon worms
  6 orcs
  5 ball pythons
  3 endoplasms
  5 giant cockroaches
  9 goblins
  4 hobgoblins
  2 jackals (D:1)
  7 kobolds
  3 quokkas
  8 bats
  2 frilled lizards
  4 rats
94 creatures vanquished.

Notes
Turn   | Place    | Note
-------+----------+-------------------------------------------
     0 | D:1      | javelincjr the Demonspawn Warper began the quest for the
                  | Orb.
     0 | D:1      | Reached XP level 1. HP: 16/16 MP: 3/3
    58 | D:1      | Reached skill level 1 in Armour
   111 | D:1      | Gained mutation: You may rarely emit foul miasma when
                  | damaged in melee. [demonic ancestry]
   111 | D:1      | Reached XP level 2. HP: 14/22 MP: 5/5
   381 | D:1      | Found a faded altar of an unknown god.
   490 | D:1      | Gained mutation: You have large cloven feet. [demonic
                  | ancestry]
   490 | D:1      | Reached XP level 3. HP: 26/28 MP: 6/6
   508 | D:1      | Found Xingaob's Book Shop.
   522 | D:1      | Learned a level 2 spell: Blink
   525 | D:1      | Learned a level 2 spell: Lesser Beckoning
  1404 | D:2      | Reached XP level 4. HP: 21/34 MP: 7/7
  1499 | D:2      | Reached skill level 3 in Fighting
  1775 | D:3      | Found a snail-covered altar of Cheibriados.
  1871 | D:3      | Noticed a scorpion
  1879 | D:3      | Found a shimmering altar of Xom.
  1888 | D:3      | Killed a scorpion
  1889 | D:3      | Gained mutation: You have hoof-like feet. [demonic
                  | ancestry]
  1889 | D:3      | Reached XP level 5. HP: 19/41 MP: 6/8
  2119 | D:3      | Noticed Jessica
  2124 | D:3      | Killed Jessica
  2248 | D:3      | Learned a level 3 spell: Teleport Other
  2390 | D:4      | Gained mutation: A meltable shield of frost defends you.
                  | (SH +4) [demonic ancestry]
  2390 | D:4      | Reached XP level 6. HP: 48/48 MP: 10/10
  2425 | D:4      | Found a shimmering blue altar of Sif Muna.
  2682 | D:4      | Reached skill level 4 in Fighting
  2683 | D:4      | Identified the ring "Diohimys" {*Corrode rF+ rC+ Str+4
                  | Slay+2}
  2975 | D:4      | Found a staircase to the Ecumenical Temple.
  2986 | Temple   | Entered the Ecumenical Temple
  3029 | Temple   | Became a worshipper of Makhleb the Destroyer
  3199 | D:4      | Found a basalt altar of Yredelemnul.
  3443 | D:5      | Entered Level 5 of the Dungeon
  3495 | D:5      | Gained mutation: A meltable icy envelope protects you from
                  | harm. (AC +4) [demonic ancestry]
  3495 | D:5      | Reached XP level 7. HP: 50/55 MP: 11/11
  4040 | D:5      | Reached skill level 5 in Fighting
  4083 | D:5      | Found a runed translucent door.
  4084 | D:5      | Noticed Crazy Yiuf
  4093 | D:5      | Killed Crazy Yiuf
  4200 | D:6      | Gained mutation: You are partially covered in rugged brown
                  | scales. (AC +1, +3% HP) [demonic ancestry]
  4200 | D:6      | Reached XP level 8. HP: 55/63 MP: 13/13
  4206 | D:6      | HP: 2/63 [poisoned by an orc wizard]
  4206 | D:6      | Killed from afar by an orc wizard

Illustrated notes

Levels and vault maps discovered:
D:1:      saegor_arrival_simple_a, layout_rooms, serial_shops,
          nicolae_shop_hallway_plus, chequers_ecumenical_altar_simple_redux
D:2:      layout_basic, hangedman_decor_peaks_small, minivault_19,
          hangedman_glass_teeth, grunt_decor_arrowhead, nicolae_the_louvre
D:3:      layout_rooms, chei_slow_surprise, xom_teletrap_fun, uniq_jessica
D:4:      layout_loops_ring, nicolae_yredelemnul_corpse_copse,
          general_overflow_altar, minmay_temple_entry_wispy, minmay_pentangle
D:5:      layout_loops_ring, overflow_temple_1_default, st_stairs_13,
          uniq_crazy_yiuf_cottage
D:6:      layout_basic, serial_shops, nicolae_lakefront_shop, kb_rosetta,
          uniq_blork_the_orc
Temple:   nicolae_temple_superstar

Skill      XL: |  1  2  3  4  5  6  7 |
---------------+----------------------+-----
Armour         | 1 2 3 |  3.2
Polearms       | 2 3 |  3.6
Dodging        | 2 3 |  3.4
Translocations | 3 4 |  4.1
Fighting       | 3 4 5 |  5.3
Spellcasting   | 3 |  3.6
Throwing       | |  0.8

Action                     |  1- 3 |  4- 6 |  7- 9 || total
---------------------------+-------+-------+-------++-------
  Melee: Spear             |   150 |    70 |       ||   220
         Kick              |    15 |    52 |    22 ||    89
         Dagger            |       |    31 |    52 ||    83
         Hand axe          |       |    70 |     5 ||    75
         Quarterstaff      |       |       |    11 ||    11
   Cast: Blink             |       |     1 |       ||     1
    Use: Potion            |       |     2 |       ||     2
         Scroll            |       |       |     1 ||     1
   Stab: Sleeping          |       |     3 |       ||     3
 Armour: Leather armour    |    79 |    84 |    58 ||   221
  Dodge: Dodged            |    59 |    93 |    49 ||   201
  Block: Other             |       |    12 |    15 ||    27

Table legend: (Time is in decaauts)
 A = Elapsed time spent in this place.
 B = Non-inter-level travel time spent in this place.
 C = Inter-level travel time spent in this place.
 D = Time resting spent in this place.
 E = Time spent auto-exploring this place.
 F = Levels seen in this place.
 G = Mean time per level.
                   A        B        C        D        E       F      G
               +--------+--------+--------+--------+--------+-----+--------+
         Total |   4218 |   3956 |    262 |    172 |   2964 |   7 |  602.6 |
       Dungeon |   4147 |   3955 |    192 |    172 |   2964 |   6 |  691.2 |
        Temple |     71 |      1 |     70 |      0 |      0 |   1 |   71.0 |
               +--------+--------+--------+--------+--------+-----+--------+

Top non-repeatable levels by time:
     D:4: 998 daAuts
     D:2: 989 daAuts
     D:1: 753 daAuts
     D:5: 694 daAuts
     D:3: 638 daAuts
     D:6: 72 daAuts
  Temple: 71 daAuts
